Map: Overgrowth LE (Void)

Players

BlueSeraph

  • Race: Zerg Zerg
  • League: Silver
  • Spawn Location: 7:00

Fropez - Winner!

  • Race: Protoss Protoss
  • League: Gold
  • Spawn Location: 1:00

VOD

Have the link to the VOD?

Description

Time

  • Played on: Dec. 5, 2016, 7:32 p.m.
  • Length: 16:08
Show
View Real Time Build Order
Export as new Build Order

BlueSeraph Zerg 

Build Orders: 3 Hatch before Pool 

Get SALT Encoding   

  12  0:01  Drone  
  13  0:21  Overlord  
  13  0:26  Drone  
  14  0:41  Drone x2  
  16  0:45  Drone  
  17  0:54  Drone  
  18  0:58  Hatchery  
  18  1:03  Extractor  
  17  1:21  Drone x2  
  19  1:32  Hatchery  
  18  1:44  Spawning Pool  
  17  1:55  Drone x3  
  20  2:09  Overlord  
  20  2:20  Drone  
  21  2:34  Zergling x2  
  21  2:36  Queen  
  22  2:42  Zergling x2  
  25  2:47  Zergling x2  
  26  3:07  Drone x2  
  26  3:08  Drone x2  
  26  3:12  Queen  
  32  3:16  Queen  
  34  3:22  Metabolic Boost  
  34  3:24  Drone  
  35  3:40  Overlord x2, Drone  
  36  3:44  Extractor  
  36  3:47  Drone  
  36  3:58  Overlord x2  
  36  4:01  Drone x2  
  38  4:24  Spore Crawler  
  38  4:25  Drone x5  
  41  4:38  Roach Warren  
  40  4:39  Drone x3  
  40  4:44  Spine Crawler  
  42  4:56  Drone x2  
  44  5:05  Extractor  
  43  5:13  Queen  
  45  5:16  Pneumatized Carapace, Hatchery  
  45  5:18  Roach x4  
  45  5:19  Roach x4  
  60  5:29  Drone  
  60  5:34  Hatchery  
  59  6:21  Zergling x16  
  67  6:28  Drone x2  
  67  6:29  Drone x2  
  67  6:31  Extractor  
  70  6:54  Drone x3  
  70  6:55  Drone x4  
  70  6:57  Drone x3  
  70  6:58  Overlord x2  
  79  7:22  Drone x6  
  85  7:25  Lair  
  85  7:31  Drone x5  
  85  7:32  Queen, Drone x2  
  86  7:38  Zergling x8  
  84  7:49  Queen  
  84  7:50  Queen  
  85  7:52  Zergling x8  
  85  7:57  Evolution Chamber  
  82  8:00  Evolution Chamber  
  82  8:01  Roach x6  
  92  8:10  Extractor  
  91  8:15  Spine Crawler  
  91  8:16  Spine Crawler  
  91  8:18  Spine Crawler  
  91  8:19  Spine Crawler  
  87  8:20  Zergling x2  
  87  8:21  Zergling x14  
  87  8:41  Roach x3  
  87  8:42  Roach  
  87  8:43  Overlord x4  
  87  8:44  Overlord  
  87  8:46  Zergling x2  
  87  8:47  Overlord x2  
  96  9:01  Spine Crawler  
  96  9:02  Overlord x3  
  95  9:03  Spine Crawler  
  95  9:04  Spine Crawler, Roach x5  
  95  9:05  Spine Crawler  
  95  9:07  Spine Crawler  
  101  9:15  Zergling x2  
  101  9:16  Zergling x10  
  101  9:20  Zergling x4  
  92  9:36  Zergling x6  
  92  9:37  Zergling x8  
  99  9:39  Queen  
  100  9:53  Zergling x12  
  104  10:00  Hatchery  
  103  10:07  Zerg Ground Armor Level 1, Zerg Missile Weapons Level 1  
  103  10:10  Zergling x14  
  103  10:11  Zergling x2  
  111  10:16  Overseer  
  111  10:18  Spire  
  102  10:51  Ravager  
  102  10:52  Ravager x8  
  102  10:53  Ravager  
  112  11:12  Overlord x3  
  112  11:13  Overlord  
  109  11:21  Roach x4  
  109  11:22  Roach x8  
  125  11:29  Zergling x8  
  94  11:47  Zergling x2  
  94  11:48  Zergling x8  
  87  12:01  Zergling x8  
  87  12:02  Zergling x10  
  92  12:17  Spore Crawler  
  92  12:18  Mutalisk x2, Spore Crawler  
  92  12:19  Mutalisk  
  67  12:32  Overseer x2  
  67  12:43  Spore Crawler  
  64  12:45  Mutalisk x3  
  69  13:34  Zergling x22  
  69  13:35  Zergling x8  
  83  13:42  Baneling Nest  
  57  14:27  Roach x6  
  57  14:28  Roach  
  71  15:16  Zergling x18  
  77  15:29  Zergling x2  
  77  15:30  Zergling x4  
Show
View Real Time Build Order
Export as new Build Order

Fropez Protoss - Winner!

Build Orders: Mass Adepts 

Get SALT Encoding   

  12  0:01  Probe (Chrono Boost)  
  13  0:11  Probe (Chrono Boost)  
  14  0:20  Pylon  
  14  0:22  Probe (Chrono Boost)  
  15  0:38  Probe (Chrono Boost)  
  15  0:40  Gateway  
  16  0:44  Assimilator  
  16  0:49  Probe (Chrono Boost)  
  17  1:00  Probe (Chrono Boost)  
  17  1:02  Gateway  
  18  1:08  Pylon  
  18  1:20  Pylon  
  18  1:39  Pylon  
  18  1:44  Gateway  
  19  1:47  Probe (Chrono Boost)  
  19  1:57  Probe (Chrono Boost)  
  20  2:02  Nexus  
  20  2:15  Probe (Chrono Boost)  
  21  2:21  Cybernetics Core  
  21  2:23  Assimilator  
  21  2:25  Probe (Chrono Boost)  
  21  2:29  Pylon  
  22  2:44  Pylon, Probe (Chrono Boost)  
  23  2:55  Probe (Chrono Boost)  
  24  2:59  Gateway  
  24  3:03  Gateway  
  24  3:09  Mothership Core (Chrono Boost)  
  26  3:17  Adept  
  26  3:19  Adept  
  30  3:25  Probe (Chrono Boost)  
  31  3:27  Probe (Chrono Boost)  
  32  3:37  Pylon  
  32  3:43  Probe (Chrono Boost)  
  32  3:44  Pylon  
  32  3:48  Warp Gate (Chrono Boost)  
  33  3:51  Adept  
  33  3:55  Adept  
  37  3:59  Adept  
  39  4:04  Adept  
  39  4:07  Probe  
  39  4:08  Probe  
  43  4:18  Probe  
  43  4:19  Probe  
  43  4:23  Adept  
  47  4:25  Adept  
  49  4:35  Probe  
  49  4:38  Probe  
  50  4:40  Assimilator  
  51  4:47  Probe  
  51  4:48  Probe  
  51  4:49  Adept  
  51  4:50  Adept  
  57  4:59  Probe, Assimilator  
  58  5:03  Forge  
  58  5:11  Gateway  
  58  5:14  Probe  
  58  5:16  Probe  
  60  5:27  Twilight Council  
  60  5:28  Probe  
  60  5:30  Probe, Gateway  
  60  5:34  Gateway  
  60  5:35  Protoss Ground Weapons Level 1  
  62  5:51  Photon Cannon  
  60  6:02  Photon Cannon  
  60  6:03  Nexus  
  60  6:07  Pylon  
  60  6:10  Pylon  
  60  6:18  Probe  
  60  6:19  Probe  
  60  6:24  Resonating Glaives (Chrono Boost)  
  62  6:31  Probe  
  63  6:36  Stalker x5  
  71  6:59  Pylon  
  69  7:02  Pylon  
  69  7:05  Gateway  
  69  7:11  Photon Cannon x2, Stalker x2  
  73  7:27  Gateway  
  73  7:29  Photon Cannon  
  71  7:46  Adept x2  
  71  7:47  Adept x5  
  85  7:52  Protoss Ground Weapons Level 2  
  85  7:54  Probe  
  85  7:55  Probe  
  87  8:07  Probe  
  88  8:37  Adept x2  
  88  8:38  Adept x5  
  88  8:39  Adept  
  88  8:40  Probe  
  104  8:41  Probe x2  
  104  8:47  Assimilator  
  107  8:51  Assimilator  
  107  8:56  Pylon  
  107  8:59  Photon Cannon  
  107  9:04  Probe x2  
  109  9:13  Probe  
  109  9:16  Probe, Stalker  
  109  9:17  Pylon, Stalker x5  
  97  9:36  Pylon  
  97  9:43  Templar Archives  
  97  9:46  Dark Shrine  
  97  9:48  Robotics Facility  
  97  9:49  Gateway  
  97  9:52  Pylon  
  97  9:58  Photon Cannon  
  89  10:01  Gateway  
  89  10:04  Gateway  
  89  10:06  Gateway  
  89  10:07  Probe  
  89  10:12  Pylon  
  90  10:14  Pylon  
  90  10:42  Adept x6  
  100  10:43  Adept x2, Probe  
  100  10:45  Probe x2  
  109  10:51  Warp Prism  
  109  10:56  Nexus  
  111  11:04  Photon Cannon  
  111  11:08  Photon Cannon  
  111  11:10  Pylon  
  111  11:13  Pylon  
  111  11:16  Adept  
  111  11:17  Adept x2  
  104  11:30  Dark Templar x2  
  104  11:31  Dark Templar x4  
  106  11:50  Pylon  
  106  11:57  Pylon  
  106  12:04  Dark Templar x2  
  110  12:09  Nexus  
  110  12:13  Pylon  
  110  12:15  Pylon  
  110  12:19  Pylon  
  110  12:23  Stalker x5  
  120  12:38  Gateway  
  120  12:41  Photon Cannon  
  120  12:44  Photon Cannon  
  120  12:58  Zealot x4  
  114  12:59  Zealot  
  114  13:00  Adept  
  122  13:16  Stalker x3  
  126  13:31  Stalker x2  
  126  13:32  Stalker  
  132  13:54  Photon Cannon  
  132  13:57  Stalker x2  
  132  14:00  Pylon  
  130  14:28  Stalker x5  
  130  14:29  Stalker x2  
  136  14:35  Stalker  
  136  14:36  Stalker  
  134  15:03  Nexus  
  134  15:11  Templar Archives  
  134  15:16  Assimilator  
  134  15:17  Assimilator  
  122  16:06  Assimilator  
Tags
 
Add a new tag
Caveats
  • Supply blocks, unpowered buildings, or Contaminate may cause inaccurate times.
  • Supply counts are checked every 10 seconds.